 Dungeon Crawl Stone Soup version 0.30.1-11-g7821555f0a (webtiles) character file.

Game seed: 8094532636964758901

2753 Ekaitz the Zephyrmancer (level 9, -3/51 HPs)
             Began as a Tengu Air Elementalist on Dec 20, 2023.
             Was a Follower of Vehumet.
             Slain by an orc knight
             ... wielding a +0 halberd
              (23 damage)
             ... in a bailey.
             The game lasted 00:17:55 (7511 turns).

Ekaitz the Zephyrmancer (Tengu Air Elementalist)    Turns: 7511, Time: 00:17:55

Health: -3/51      AC:  7    Str: 11    XL:     9   Next: 68%
Magic:  7/16       EV: 18    Int: 18    God:    Vehumet [*.....]
Gold:   258        SH:  0    Dex: 20    Spells: 5/17 levels left

rFire   . . .        D - +6 flail (drain)
rCold   . . .        (no shield)
rNeg    . . .        a - +0 robe
rPois   .            q - +1 hat
rElec   .            (no cloak)
rCorr   .            (no gloves)
SInv    .            (boots unavailable)
Will    .....        (no amulet)
Stlth   +++          l - +6 ring of dexterity
HPRegen 0.28/turn    r - +4 ring of protection
MPRegen 0.15/turn

%: no passive effects
@: flying quickly and evasively, quick
A: beak, talons 3, nimble flight
a: Renounce Religion


You were in a bailey.
You worshipped Vehumet.
Vehumet was aware of your devotion.
You visited 2 branches of the dungeon, and saw 8 of its levels.
You also visited: Bailey.

You collected 362 gold pieces.
You spent 104 gold pieces at shops.

Inventory:

Hand Weapons
 y - a +0 short sword of holy wrath
 B - a +0 glaive
 D - a +6 flail of draining (weapon)
 I - a +4 scimitar
 L - the +8 war axe "Ukkay" {vamp, Dex+6 SInv}
   (You found it on level 7 of the Dungeon)

   Dex:       It affects your dexterity (+6).
   SInv:      It lets you see invisible.
Armour
 a - a +0 robe (worn)
 k - a +4 plate armour of poison resistance
 q - a +1 hat (worn)
 K - a +0 buckler
Magical Staves
 E - a staff of conjuration
Jewellery
 l - a +6 ring of dexterity (left hand)
 r - a +4 ring of protection (right hand)
Wands
 s - a wand of digging (5)
 u - a wand of paralysis (3)
 v - a wand of mindburst (22)
 x - a wand of flame (25)
 M - a wand of acid (9)
Scrolls
 c - 4 scrolls of amnesia {unknown}
 d - a scroll of summoning {unknown}
 g - 2 scrolls of teleportation {unknown}
 h - 2 scrolls of vulnerability {unknown}
 j - 2 scrolls of identify
 o - a scroll of fog {unknown}
 w - a scroll of blinking {unknown}
 z - a scroll of torment {unknown}
 C - a scroll of immolation {unknown}
 J - a scroll of acquirement {unknown}
Potions
 b - 2 potions of magic
 e - 2 potions of berserk rage {unknown}
 f - a potion of might
 i - 7 potions of curing
 m - 6 potions of heal wounds
 n - 3 potions of flight {unknown}
 p - 2 potions of degeneration {unknown}
 t - 2 potions of attraction {unknown}
 A - a potion of cancellation
 F - a potion of resistance {unknown}
 H - a potion of haste {unknown}
 N - a potion of experience {unknown}


   Skills:
 * Level 3.4 Fighting
 + Level 1.0(1.2) Short Blades
 + Level 0.9(1.1) Long Blades
 + Level 1.4 Maces & Flails
 * Level 5.1 Dodging
 + Level 3.3 Stealth
 + Level 4.5 Spellcasting
 * Level 6.6 Conjurations
 * Level 4.2 Summonings
 * Level 8.8 Air Magic
 * Level 3.3 Poison Magic
 * Level 3.3 Evocations


You had 5 spell levels left.
You knew the following spells:

 Your Spells              Type           Power      Damage    Failure   Level
a - Shock                 Conj/Air       100%       1d9       1%          1
b - Static Discharge      Conj/Air       64%        2-5/arc   1%          2
c - Mephitic Cloud        Conj/Pois/Air  26%        N/A       3%          3
d - Airstrike             Air            18%        2d(3-19)  3%          4
m - Call Imp              Summ           38%        N/A       3%          2

Your spell library contained the following spells:

 Spells                   Type           Power      Damage    Failure   Level
 Freeze                   Ice            16%        1d4       14%         1
 Magic Dart               Conj           100%       1d8       1%          1
 Swiftness                Air            36%        N/A       1%          3
 Stone Arrow              Conj/Erth      32%        3d9       11%         3
 Beastly Appendage        Tmut           8%         N/A       14%         1
 Ensorcelled Hibernation  Hex/Ice        8%         N/A       22%         2
 Passwall                 Tmut/Erth      3%         N/A       22%         2
 Wereblood                Tmut           4%         N/A       22%         2
 Spider Form              Tmut/Pois      10%        N/A       22%         3
 Portal Projectile        Hex/Tloc       8%         N/A       38%         3
 Tukima's Dance           Hex            4%         N/A       38%         3
 Animate Armour           Summ/Erth      22%        N/A       50%         4
 Blade Hands              Tmut           2%         N/A       98%         5
 Lehudib's Crystal Spear  Conj/Erth      8%         10d3      100%        8


Dungeon Overview and Level Annotations

Branches:
Dungeon (7/15)             Temple (1/1) D:4          Bailey (1/1)

Altars:
Ashenzari
Cheibriados
Dithmenos
Elyvilon
Fedhas
Gozag
Hepliaklqana
Kikubaaqudgha
Makhleb
Nemelex Xobeh
Okawaru
Qazlal
Ru
Sif Muna
Trog
Uskayaw
Vehumet
Wu Jian
Xom
Yredelemnul
Zin
The Shining One

Shops:
D:2 (   D:4 !   D:5 (


Innate Abilities, Weirdness & Mutations

You have a beak for a mouth.
You have claws for feet.
Your magical nature lets you fly swiftly and evasively.


Message History

The orc knight shouts!
There is an open door here.
Casting: Airstrike (dangerous; 3% risk of failure)
Confirm with . or Enter, or press ? or * to list all spells.
A tiny devil pulls itself out of the air.
Casting: Call Imp (safe; 3% risk of failure)
Confirm with . or Enter, or press ? or * to list all spells.
Aiming: Airstrike (dangerous; 3% risk of failure)
Press: ? - help, Dir - move target, f - orc knight
Aim: an orc knight, wielding a +0 halberd and wearing a +0 chain mail (ally target, empty space bonus: 8/8)
The air twists around and strikes the orc knight!!
The orc knight is moderately wounded.
Unknown command.
Casting: Airstrike (dangerous; 3% risk of failure)
Confirm with . or Enter, or press ? or * to list all spells.
Aiming: Airstrike (dangerous; 3% risk of failure)
Press: ? - help, Dir - move target, f/p - orc knight
Aim: an orc knight, wielding a +0 halberd and wearing a +0 chain mail (moderately wounded, ally target, empty space bonus: 8/8)
The air twists around and strikes the orc knight!
The orc knight is heavily wounded.
Unknown command.
Your cerulean imp hits the orc knight but does no damage.
Things that are here:
a +0 spear; a +0 scale mail The orc knight hits you with a +0 halberd!
Your cerulean imp hits the orc knight from afar with a -3 spear.
Things that are here:
a +0 halberd; a +0 scale mail You sock the orc knight!
You drain the orc knight. Your kick misses the orc knight.
The orc knight is severely wounded.
The orc knight hits you with a +0 halberd!!
Your cerulean imp hits the orc knight but does no damage.
The orc knight hits your cerulean imp from afar with a +0 halberd!
Unknown command.
You hit the orc knight.
The orc knight is severely wounded.
Your cerulean imp hits the orc knight but does no damage.
The orc knight hits you with a +0 halberd!!
You die...

[###..~~..##########
## ##..)~..........#
#.∩.##..~~~~~~~~~~.#
.....##.....o....~.#
##'###§#########.~.#
.......# ##.~.#
≈≈≈≈≈≈§.# ##..~.#
....)≈≈..# ##..~o.#
.⌠∩)......# #..~@.∩#
§.⌠.§§§≈..#+#..~)5##
....§§≈..##.##..~~.#
§§.≈≈§..'#...##..~.#
.......##.....##)~.#
##########)~.#
##..........~.# #
##..~~~~~~~~~~.# ##
##..~~..........#


You could see an orc knight (drained, ally target) and a friendly cerulean imp
(summoned).

Vanquished Creatures
  An orc knight (Bailey)
  Pikel (D:5)
  A steam dragon (D:5)
  Edmund (D:5)
  4 orc warriors (Bailey)
  A sky beast (D:7)
  An ogre (D:4)
  2 phantoms (D:5)
  A scorpion (D:5)
  5 wights (D:6)
  A howler monkey (D:4)
  2 hounds (D:5)
  2 orc priests
  A jelly (D:5)
  Jessica (D:3)
  2 iguanas
  Ijyb (D:3)
  3 orc wizards
  Robin (D:4)
  3 adders
  A shadow imp (D:6)
  2 white imps
  A worm (D:2)
  2 dart slugs (D:2)
  30 orcs
  4 ball pythons
  3 endoplasms
  2 giant cockroaches (D:2)
  9 goblins
  9 hobgoblins
  9 jackals
  A quokka (D:5)
  A bat (D:3)
  3 kobolds
  4 rats
116 creatures vanquished.

Notes
Turn   | Place    | Note
-------+----------+-------------------------------------------
     0 | D:1      | Ekaitz the Tengu Air Elementalist began the quest for the
                  | Orb.
     0 | D:1      | Reached XP level 1. HP: 10/10 MP: 4/4
   563 | D:1      | Reached XP level 2. HP: 15/15 MP: 1/6
   566 | D:1      | Learned a level 2 spell: Static Discharge
   893 | D:2      | Found Meifeng's Antique Weapon Shoppe.
  1019 | D:2      | Learned a level 2 spell: Call Imp
  1325 | D:2      | Reached XP level 3. HP: 18/20 MP: 7/7
  1827 | D:3      | Noticed Jessica
  1832 | D:3      | HP: 1/20 [Jessica/+0 dagger (4)]
  1833 | D:3      | Killed Jessica
  2098 | D:3      | Reached XP level 4. HP: 23/24 MP: 0/8
  2243 | D:3      | Reached skill level 1 in Summonings
  2243 | D:3      | Reached skill level 5 in Air Magic
  2501 | D:3      | Reached skill level 1 in Fighting
  2501 | D:3      | Gained mutation: Your magical nature lets you fly swiftly
                  | and evasively. [Tengu growth]
  2501 | D:3      | Reached XP level 5. HP: 25/29 MP: 1/9
  2553 | D:3      | Learned a level 3 spell: Mephitic Cloud
  2620 | D:3      | Noticed Ijyb
  2624 | D:3      | Killed Ijyb
  3173 | D:4      | Noticed an ogre
  3191 | D:4      | Killed an ogre
  3192 | D:4      | Reached XP level 6. HP: 34/34 MP: 0/10
  3375 | D:4      | Found Geutol's Distillery.
  3422 | D:4      | Bought a potion of curing for 39 gold pieces
  3422 | D:4      | Bought a potion of heal wounds for 65 gold pieces
  3555 | D:4      | Found a stormy altar of Qazlal.
  3644 | D:4      | Noticed Robin
  3647 | D:4      | Reached skill level 1 in Short Blades
  3651 | D:4      | Reached skill level 1 in Evocations
  3655 | D:4      | Killed Robin
  3733 | D:4      | Found a staircase to the Ecumenical Temple.
  3766 | Temple   | Entered the Ecumenical Temple
  3786 | Temple   | Became a worshipper of Vehumet
  4351 | D:5      | Entered Level 5 of the Dungeon
  4351 | D:5      | Found a snail-covered altar of Cheibriados.
  4351 | D:5      | Found a bloodstained altar of Trog.
  4351 | D:5      | Found an iron altar of Okawaru.
  4351 | D:5      | Found a broken altar of Ashenzari.
  4375 | D:5      | Noticed Pikel
  4436 | D:5      | Noticed a steam dragon
  4456 | D:5      | Killed a steam dragon
  4457 | D:5      | Reached skill level 1 in Poison Magic
  4457 | D:5      | Reached XP level 7. HP: 11/39 MP: 6/12
  4463 | D:5      | Reached skill level 6 in Air Magic
  4694 | D:5      | Learned a level 4 spell: Airstrike
  4761 | D:5      | Killed Pikel
  4762 | D:5      | Reached skill level 5 in Conjurations
  4762 | D:5      | Reached XP level 8. HP: 38/45 MP: 3/14
  4824 | D:5      | Noticed Edmund
  4890 | D:5      | Killed Edmund
  4891 | D:5      | Reached skill level 7 in Air Magic
  5031 | D:5      | Found an ancient bone altar of Kikubaaqudgha.
  5032 | D:5      | Found a burning altar of Makhleb.
  5134 | D:5      | Found Teozomac's Weapon Shoppe.
  5697 | D:6      | Reached XP level 9. HP: 3/45 MP: 2/16
  6666 | D:7      | Identified the +8 war axe "Ukkay" {vamp, Dex+6 SInv}
  6668 | D:7      | Found a flagged portal.
  6744 | D:7      | Noticed a komodo dragon
  6818 | Bailey   | Entered a bailey
  6829 | Bailey   | Reached * piety under Vehumet
  6829 | Bailey   | Offered knowledge of Freeze by Vehumet.
  6954 | Bailey   | Noticed an orc knight
  7024 | Bailey   | Reached skill level 8 in Air Magic
  7082 | Bailey   | Noticed an orc knight
  7350 | Bailey   | Killed an orc knight
  7351 | Bailey   | Reached skill level 1 in Maces & Flails
  7351 | Bailey   | Reached skill level 5 in Dodging
  7511 | Bailey   | Slain by an orc knight

Illustrated notes

Levels and vault maps discovered:
D:1:      lightli_arrival_flooded_house, layout_loops_cross, minmay_pentomino_o2
D:2:      layout_basic, serial_shops, nicolae_shop_tiny_glass
D:3:      layout_basic, nicolae_hexahallways, dk_vineyard_2, uniq_jessica,
          uniq_ijyb
D:4:      layout_gridville, lemuel_doored_altar, temple_green, serial_shops,
          shop_statue, uniq_robin
D:5:      layout_basic, grunt_temple_overflow_open, serial_shops,
          nicolae_shop_peninsula, uniq_pikel, uniq_edmund
D:6:      minmay_general_purpose_star, layout_loops_ring, minivault_5,
          minivault_23, minmay_fountain_box
D:7:      layout_basic, enter_bailey_1, minmay_misc_feat_tower
Temple:   hellmonk_temple_two_chambers
Bailey:   bailey_polearm_1, bailey

Skill      XL: |  1  2  3  4  5  6  7  8  9 |
---------------+----------------------------+-----
Conjurations   | 2 3 4 5 6 |  6.6
Summonings     | 1 2 3 4 |  4.2
Air Magic      | 5 6 7 8 |  8.8
Fighting       | 1 2 3 |  3.4
Dodging        | 3 4 5 |  5.1
Short Blades   | 1 |  1.0
Evocations     | 1 2 3 |  3.3
Spellcasting   | 3 4 |  4.5
Poison Magic   | 1 2 3 |  3.3
Stealth        | 3 |  3.3
Maces & Flails | 1 |  1.4
Long Blades    | |  0.9

Action                     |  1- 3 |  4- 6 |  7- 9 || total
---------------------------+-------+-------+-------++-------
  Melee: Dagger            |    17 |    14 |       ||    31
         Peck              |     5 |     3 |     9 ||    17
         Kick              |     4 |     4 |    17 ||    25
         Falchion          |       |     4 |    10 ||    14
         Punch             |       |     1 |     1 ||     2
         Flail             |       |       |    42 ||    42
   Cast: Shock             |    40 |    79 |    72 ||   191
         Static Discharge  |     2 |     3 |     5 ||    10
         Call Imp          |       |     2 |     2 ||     4
         Mephitic Cloud    |       |       |     2 ||     2
         Airstrike         |       |       |    23 ||    23
    Use: Scroll            |       |       |     2 ||     2
   Stab: Sleeping          |     2 |     4 |     1 ||     7
         Distracted        |       |       |     1 ||     1
 Armour: Robe              |     4 |     3 |     3 ||    10
  Dodge: Dodged            |    11 |    21 |    53 ||    85
